 Dungeon Crawl Stone Soup version 0.25.1-2-g60ff931df9 (webtiles) character file.

Game seed: 7761450731000593067

112 Allula97 the Gusty (level 4, -9/25 HPs)
             Began as a Tengu Air Elementalist on Nov 11, 2020.
             Killed by divine providence
             ... invoked by an orc priest
              (14 damage)
             ... on level 3 of the Dungeon.
             The game lasted 00:15:37 (2083 turns).

Allula97 the Gusty (Tengu Air Elementalist)         Turns: 2083, Time: 00:15:39

Health: -9/25      AC:  3    Str:  9    XL:     4   Next: 93%
Magic:  7/8        EV: 14    Int: 16    God:
Gold:   133        SH:  0    Dex: 20    Spells: 1/7 levels left

rFire    . . .     SeeInvis .   r - +3 quarterstaff (chaos)
rCold    . . .     Gourm    .   (shield currently unavailable)
rNeg     . . .     Faith    .   a - +0 robe
rPois    .         Spirit   .   (helmet restricted)
rElec    .         Reflect  .   h - +0 cloak
rCorr    .         Harm     .   (no gloves)
MR       .....                  (boots unavailable)
Stlth    ++........             (no amulet)
HPRegen  0.08/turn              e - +6 ring of dexterity
MPRegen  0.11/turn              (no ring)

@: no status effects
A: beak, talons 3
a: no special abilities


You were on level 3 of the Dungeon.
You were hungry.

You visited 1 branch of the dungeon, and saw 3 of its levels.

You collected 133 gold pieces.

Inventory:

Hand Weapons
 r - a +3 quarterstaff of chaos (weapon)
Missiles
 b - 10 boomerangs (quivered)
Armour
 a - a +0 robe (worn)
 d - a +2 helmet
 h - a +0 cloak (worn)
Jewellery
 e - a +6 ring of dexterity (left hand)
Scrolls
 i - 2 scrolls of magic mapping
 l - 3 scrolls of teleportation
Potions
 f - 2 potions of curing
 k - a potion of stabbing
Comestibles
 c - 2 rations


   Skills:
 * Level 1.5 Fighting
 + Level 0.3 Staves
 + Level 1.1 Armour
 * Level 3.1 Dodging
 - Level 2.0 Stealth
 - Level 1.2 Unarmed Combat
 + Level 2.3 Spellcasting
 * Level 2.3 Conjurations
 + Level 4.7 Air Magic


You had one spell level left.
You knew the following spells:

 Your Spells              Type           Power        Failure   Level  Hunger
a - Shock                 Conj/Air       ##..         4%          1    #......
b - Swiftness             Chrm/Air       #.......     12%         2    ###....
c - Static Discharge      Conj/Air       ##......     14%         3    ###....

Your spell library contained the following spells:

 Spells                   Type           Power        Failure   Level  Hunger
 Airstrike                Air            ###.......   28%         4    #####..
 Lightning Bolt           Conj/Air       ##........   78%         5    ######.


Dungeon Overview and Level Annotations

Branches:
Dungeon (3/15)

Altars:
Okawaru
Sif Muna


Innate Abilities, Weirdness & Mutations

You have a beak for a mouth.
You have claws for feet.


Message History

Ouch! That really hurt!
* * * LOW HITPOINT WARNING * * *
Sorry, you're not good enough to have a special ability.
Casting: Shock (safe; 4% risk of failure)
Confirm with . or Enter, or press ? or * to list all spells.
Aiming: Shock (safe; 4% risk of failure)
Press: ? - help, Shift-Dir - straight line The zap hits the orc.
The orc is heavily wounded.
The zap hits the orc priest.
The orc priest is lightly wounded.
An orc comes into view. It is wielding a +0 mace.
You closely miss the orc priest.
The orc priest is lightly wounded.
The orc hits you with a +0 club.
* * * LOW HITPOINT WARNING * * *
The orc priest mumbles some strange prayers to Beogh against you.
Beogh smites you!
Ouch! That really hurt!
You die...

# .# ..
####.#.#
#ooo...#
#@# #.#
#.# #.#
#.# #.#
#.# ###
#.# ...
..## #.#
#.#
...##
#.# #.#
....##


You could see an orc priest and 2 orcs.

Vanquished Creatures
  An orc priest (D:3)
  Crazy Yiuf (D:2)
  2 adders
  An ooze (D:1)
  2 dart slugs
  5 bats
  A giant cockroach (D:1)
  3 goblins (D:2)
  4 hobgoblins (D:1)
  3 kobolds (D:1)
  7 frilled lizards
  4 rats (D:1)
34 creatures vanquished.

Notes
Turn   | Place    | Note
-------+----------+-------------------------------------------
     0 | D:1      | Allula97 the Tengu Air Elementalist began the quest for the
                  | Orb.
     0 | D:1      | Reached XP level 1. HP: 10/10 MP: 4/4
   181 | D:1      | Reached XP level 2. HP: 16/16 MP: 1/6
   272 | D:1      | Learned a level 2 spell: Swiftness
   433 | D:1      | Reached XP level 3. HP: 16/20 MP: 2/7
   527 | D:1      | Learned a level 3 spell: Static Discharge
   736 | D:1      | You fall into a shaft and drop 1 floor!
   954 | D:2      | Noticed a hippogriff
   955 | D:2      | Found a shimmering blue altar of Sif Muna.
   958 | D:2      | Found a transporter.
   969 | D:2      | Found a transporter.
   988 | D:2      | Reached skill level 1 in Fighting
  1047 | D:1      | Reached skill level 1 in Unarmed Combat
  1412 | D:2      | Found an iron altar of Okawaru.
  1681 | D:2      | Found a runed translucent door.
  1682 | D:2      | Noticed Crazy Yiuf
  1690 | D:2      | Killed Crazy Yiuf
  1690 | D:2      | Reached skill level 1 in Armour
  1690 | D:2      | Reached XP level 4. HP: 25/25 MP: 2/8
  2083 | D:3      | Killed from afar by an orc priest

Illustrated notes

Levels and vault maps discovered:
D:1:      elethiomel_arrival_quiet, layout_basic, nrook_mini_vaults
D:2:      layout_rooms, gammafunk_temple_overflow_arena,
          kennysheep_okawaru_gauntlet, minmay_lizard_pond,
          uniq_crazy_yiuf_cottage
D:3:      layout_loops_ring, minitemple, ebering_ghost_rock_garden,
          uniq_natasha, uniq_terence

Skill      XL: |  1  2  3  4 |
---------------+-------------+-----
Fighting       | 1 |  1.5
Unarmed Combat | 1 |  1.2
Armour         | 1 |  1.1
Conjurations   | 2 |  2.3
Dodging        | 3 |  3.1
Staves         | |  0.3
Stealth        | |  2.0
Spellcasting   | |  2.3
Air Magic      | |  4.7

Action                   |  1- 3 |  4- 6 || total
-------------------------+-------+-------++-------
Melee: Unarmed           |    10 |       ||    10
       Peck              |     3 |       ||     3
       Mace              |     4 |       ||     4
       Kick              |     2 |       ||     2
       Quarterstaff      |       |     4 ||     4
Throw: Boomerang         |     2 |       ||     2
 Cast: Shock             |    59 |     4 ||    63
       Static Discharge  |       |     1 ||     1
  Use: Potion            |     2 |     1 ||     3
       Scroll            |       |     9 ||     9
 Stab: Sleeping          |     2 |       ||     2
  Eat: Chunk             |     3 |     1 ||     4
Armor: Robe              |     9 |     1 ||    10
Dodge: Dodged            |    18 |     5 ||    23
